 Dungeon Crawl Stone Soup version 0.13-a0-2979-gb6a86b3 (webtiles) character file.

173 PolkaDot the Sneak (level 4, 0/28 HPs)
             Began as a Vampire Wizard on Sept 7, 2013.
             Slain by a scorpion (10 damage)
             ... on Level 3 of the Dungeon.
             The game lasted 00:07:07 (1593 turns).

PolkaDot the Sneak (Vampire Wizard)                 Turns: 1593, Time: 00:07:08

HP   0/28        AC  4     Str  6      XL: 4   Next: 17%
MP  12/12        EV 12     Int 21      God:
Gold 94          SH  0     Dex 12      Spells:  3 memorised,  2 levels left

Res.Fire  : . . .   See Invis. : +   e - +1 dagger (vamp)
Res.Cold  : . . .   Warding    : .   m - +1 robe {rN+}
Life Prot.: + . .   Conserve   : .   (no shield)
Res.Poison: .       Res.Corr.  : .   b - +0 wizard hat
Res.Elec. : .       Clarity    : .   (no cloak)
Sust.Abil.: . .     Spirit.Shd : .   q - +0 pair of gauntlets
Res.Mut.  : .       Stasis     : .   (no boots)
Res.Rott. : .       Flight     : .   (no amulet)
Saprovore : . . .                    (no ring)
                                     (no ring)

@: regenerating quickly, very poisoned, slightly resistant to hostile
enchantments, stealthy
A: fangs 3, see invisible, unbreathing
a: no special abilities


You were on level 3 of the Dungeon.
You were very full.

You visited 1 branch of the dungeon, and saw 3 of its levels.

You collected 74 gold pieces.

Inventory:

Hand weapons
 e - a +1,+1 vampiric dagger (weapon)
Armour
 b - a +0 wizard hat (worn)
 m - a +1 robe of positive energy (worn)
 q - a +0 pair of gauntlets (worn)
Scrolls
 d - 2 scrolls of amnesia {unknown}
 f - 2 scrolls of remove curse {unknown}
 g - a scroll of enchant armour {unknown}
 i - 2 scrolls of enchant weapon II {unknown}
 j - a scroll of random uselessness {unknown}
 l - a scroll of teleportation {unknown}
 n - a scroll of fog {unknown}
 o - a scroll of identify {unknown}
 p - a scroll of recharging {unknown}
Potions
 a - 2 potions of resistance {unknown}
 h - a potion of curing
 k - a potion of confusion {unknown}
Books
 c - a book of Minor Magic

   Spells                             Type                      Level
   *Magic Dart                        Conjuration                  1
   Blink                              Translocation                2
   Call Imp                           Summoning                    2
   Repel Missiles                     Charms/Air                   2
   Slow                               Hexes                        2
   *Conjure Flame                     Conjuration/Fire             3
   *Mephitic Cloud                    Conjuration/Poison/Air       3


   Skills:
 - Level 2.1 Short Blades
 - Level 2.1 Dodging
 + Level 4.2 Stealth
 - Level 3.0 Spellcasting
 * Level 2.0 Conjurations
   Level 1.0 Summonings
   Level 0.7 Translocations


You had 2 spell levels left.
You knew the following spells:

 Your Spells              Type           Power        Failure   Level  Hunger
a - Magic Dart            Conj           ##..         8%          1    None
d - Mephitic Cloud        Conj/Pois/Air  #.......     34%         3    ###....
s - Conjure Flame         Conj/Fire      #.......     30%         3    ###....


Dungeon Overview and Level Annotations

Branches:
Dungeon (3/27)

Altars:
Ashenzari
Nemelex Xobeh


Innate Abilities, Weirdness & Mutations

Your natural rate of healing is unusually fast.
You have razor-sharp teeth.*
You have supernaturally acute eyesight.
You can survive without breathing.*


Message History

The scorpion poisons you!
You hit the scorpion but do no damage.
The scorpion is lightly wounded.
You feel very sick. The scorpion barely misses you.
You closely miss the scorpion.
The scorpion is lightly wounded.
You feel very sick. The scorpion stings you.
You are more poisoned.
The scorpion poisons you!
You hit the scorpion.
You feel better.
The scorpion is moderately wounded.
You feel sick. The scorpion stings you.
You barely miss the scorpion.
The scorpion is moderately wounded.
You feel sick.
You feel a little better. The scorpion stings you!
You die...

####.##..........#..##......#.##
...............#..###.#...#.#
##..............#..# # #.....#
#..............#..# #...#####
#......%.......## #........
...#########... ##..##### ..
#################..#
..>.................#
.......s@##.######..#
.......%s.#.# #..# .........#)#
#..# .?.......#.# #..#
.........#.# #..# ........#.#
#..# .......#.# #..# ......#.# .
...#.#


You could see a scorpion and a giant cockroach.

Vanquished Creatures
  Ijyb (D:2)
  Jessica (D:2)
  2 orcs (D:3)
  7 hobgoblins
  6 jackals (D:1)
  A ball python (D:2)
  5 bats
  8 goblins
  7 kobolds
  A rat (D:1)
39 creatures vanquished.

Notes
Turn   | Place    | Note
--------------------------------------------------------------
     0 | D:1      | PolkaDot, the Vampire Wizard, began the quest for the Orb.
     0 | D:1      | Reached XP level 1. HP: 11/11 MP: 6/6
    61 | D:1      | Reached skill level 1 in Conjurations
    79 | D:1      | Reached XP level 2. HP: 17/17 MP: 8/8
   108 | D:1      | Reached skill level 1 in Short Blades
   755 | D:2      | Noticed Ijyb
   858 | D:2      | Killed Ijyb
   858 | D:2      | Reached XP level 3. HP: 22/22 MP: 3/10
   898 | D:2      | Found a shattered altar of Ashenzari.
   903 | D:2      | Saw a vision of the Swamp and the Spider Nest.
   903 | D:2      | Noticed an alligator
   903 | D:2      | Noticed an alligator
   907 | D:2      | Noticed a water moccasin
  1022 | D:2      | Noticed Jessica
  1044 | D:2      | Killed Jessica
  1044 | D:2      | Reached skill level 4 in Stealth
  1097 | D:2      | Learned a level 3 spell: Conjure Flame
  1101 | D:2      | Learned a level 3 spell: Mephitic Cloud
  1147 | D:2      | Reached XP level 4. HP: 28/28 MP: 12/12
  1556 | D:3      | Found a sparkling altar of Nemelex Xobeh.
  1593 | D:3      | Slain by a scorpion

Action                   |  1- 3 |  4- 6 || total
-------------------------+-------+-------++-------
Melee: Dagger            |   232 |    75 ||   307
 Cast: Magic Dart        |    13 |       ||    13
  Use: Potion            |     2 |       ||     2
 Stab: Sleeping          |     1 |     1 ||     2
